 Dungeon Crawl Stone Soup version 0.30-a0-568-g124715a40b (webtiles) character file.

Game seed: 6575968437583213814

108525 Newt the Basher (level 16, -2/133 HPs)
             Began as a Demonspawn Gladiator on Dec 28, 2022.
             Was the Champion of Lugonu.
             Blown up by an orb spider (55 damage)
             ... with an orb of destruction
             ... on level 1 of the Spider Nest.
             The game lasted 00:32:45 (18813 turns).

Newt the Basher (Demonspawn Gladiator)             Turns: 18813, Time: 00:32:46

Health: -2/133     AC:  3    Str: 26    XL:     16   Next: 2%
Magic:  23/23      EV: 26    Int:  9    God:    Lugonu [******]
Gold:   2861       SH:  6    Dex: 14    Spells: 15/15 levels left

rFire   . . .      SeeInvis .    d - +10 hammer of Pestilence {flame, Fragile rN+ rCorr}
rCold   + . .      Faith    .    X - +0 buckler {reflect}
rNeg    + + .      Spirit   .    (no body armour)
rPois   +          Reflect  +    (helmet unavailable)
rElec   .          Harm     .    I - +2 cloak {rPois}
rCorr   +          Rampage  .    (no gloves)
Will    +++..                    (boots unavailable)
Stlth   ++                       C - amulet of regeneration
HPRegen 1.22/turn                x - +5 ring of evasion
MPRegen 0.18/turn                G - ring of Qeogidd {rC+ rN+ Will+ EV+5}

@: mighty, studying Dodging
A: hooves 3, horns 3, demonic guardian 2, ignite blood 1, weakness stinger 2,
strong-willed 1, strong 1
a: Renounce Religion, Depart the Abyss, Banish, Corrupt, Enter the Abyss, Brand
Weapon With Distortion


You were on level 1 of the Spider Nest.
You worshipped Lugonu.
Lugonu was exalted by your worship.
You visited 4 branches of the dungeon, and saw 19 of its levels.
You visited the Abyss 1 time.

You collected 5368 gold pieces.
You spent 2507 gold pieces at shops.

Inventory:

Hand Weapons
 b - the +9 flail "Gusi" {flame, rC- Int+9}
   (You found it on level 1 of the Lair of Beasts)

   It burns those it strikes, dealing additional fire damage.
   Int:       It affects your intelligence (+9).
   rC:        It makes you vulnerable to cold.
 d - the +10 hammer of Pestilence (weapon) {flame, Fragile rN+ rCorr}
   (You found it on level 4 of the Dungeon)

   It burns those it strikes, dealing additional fire damage.
   rN:        It protects you from negative energy.
   rCorr:     It protects you from acid and corrosion.
   Fragile:   It will be destroyed if unequipped.
 m - a -2 demon whip of venom
Missiles
 i - 6 javelins (quivered)
 n - 8 silver javelins
 t - 21 poisoned darts
 v - 15 boomerangs
 H - 3 throwing nets
 M - 5 curare-tipped darts
Armour
 j - the +18 Lear's hauberk
   (You found it on level 2 of the Dungeon)
 I - a +2 cloak of poison resistance (worn)
 T - the +3 hat of Pondering {ponderous, Will+ MP+10 Int+5}
   (You found it on level 5 of the Lair of Beasts)

   Int:       It affects your intelligence (+5).
   MP:        It affects your magic capacity (+10).
   Will:      It increases your willpower.
 X - a +0 buckler of reflection (worn)
Jewellery
 p - an amulet of reflection
 x - a +5 ring of evasion (left hand)
 C - an amulet of regeneration (around neck)
 G - the ring of Qeogidd (right hand) {rC+ rN+ Will+ EV+5}
   (You bought it in a shop on level 2 of the Orcish Mines)

   [ring of evasion]

   EV:        It affects your evasion (+5).
   rC:        It protects you from cold.
   rN:        It protects you from negative energy.
   Will:      It increases your willpower.
 N - a ring of flight
Wands
 a - a wand of mindburst (8)
 e - a wand of acid (3)
 g - a wand of polymorph (6)
 s - a wand of roots (16)
 K - a wand of digging (18)
 Y - a wand of charming (2)
 Z - a wand of flame (20)
Scrolls
 c - 5 scrolls of blinking
 f - 2 scrolls of amnesia
 o - a scroll of fog {unknown}
 u - 4 scrolls of fear
 y - 7 scrolls of teleportation
 z - a scroll of enchant armour
 L - a scroll of magic mapping
 O - 3 scrolls of enchant weapon
 S - a scroll of brand weapon
Potions
 k - 2 potions of haste
 l - 3 potions of might
 q - 2 potions of heal wounds
 r - 2 potions of flight
 B - 3 potions of invisibility
 D - a potion of magic
 E - 2 potions of cancellation
 F - 2 potions of brilliance
 J - 5 potions of curing
 P - 6 potions of lignification
 W - a potion of berserk rage
Miscellaneous
 h - a phantom mirror
 w - a box of beasts
 A - a phial of floods


   Skills:
 - Level 14.0 Fighting
 - Level 2.6 Short Blades
 - Level 14.0 Maces & Flails
 + Level 6.6 Throwing
 - Level 10.0 Armour
 - Level 10.0 Dodging
 - Level 3.0 Stealth
 - Level 8.0 Shields
 - Level 10.0 Invocations
 - Level 5.0 Evocations


You had 15 spell levels left.
You didn't know any spells.
Your spell library contained the following spells:

 Spells                   Type           Power      Damage    Failure   Level
 Beastly Appendage        Tmut           0%         N/A       45%         1
 Foxfire                  Conj/Fire      0%         2x1d4     45%         1
 Magic Dart               Conj           0%         1d3       45%         1
 Call Imp                 Summ           0%         N/A       58%         2
 Static Discharge         Conj/Air       0%         2-2/arc   58%         2
 Sublimation of Blood     Necr           0%         N/A       58%         2
 Wereblood                Tmut           0%         N/A       58%         2
 Dazzling Flash           Conj/Hex       0%         N/A       83%         3
 Kindle Blastsparks       Fire/Tloc/Air  0%         2d10      83%         3
 Mephitic Cloud           Conj/Pois/Air  0%         N/A       83%         3
 Spider Form              Tmut/Pois      0%         N/A       83%         3
 Tukima's Dance           Hex            0%         N/A       83%         3
 Vhi's Electric Charge    Tloc/Air       0%         N/A       83%         3
 Airstrike                Air            0%         2d(0-16)  99%         4
 Fulminant Prism          Conj/Hex       0%         3d5       99%         4
 Iskenderun's Mystic Bla  Conj/Tloc      0%         2d3       99%         4
 Manifold Assault         Tloc           0%         N/A       99%         4
 Passage of Golubria      Tloc           0%         N/A       99%         4
 Summon Lightning Spire   Summ/Air       0%         N/A       99%         4
 Arcjolt                  Conj/Air       0%         1d10      100%        5
 Fireball                 Conj/Fire      0%         3d3       100%        5
 Lee's Rapid Deconstruct  Erth           0%         3d4*      100%        5
 Lightning Bolt           Conj/Air       0%         1d11      100%        5
 Yara's Violent Unravell  Hex/Tmut       0%         3d3       100%        5
 Dispersal                Tloc           0%         N/A       100%        6
 Starburst                Conj/Fire      0%         6d3       100%        6
 Summon Hydra             Summ           0%         N/A       100%        7
 Disjunction              Tloc           0%         N/A       100%        8


Dungeon Overview and Level Annotations

Branches:
Dungeon (11/15)            Temple (0/1) D:4            Lair (5/5) D:10
 Shoals (0/4) Lair:3       Spider (1/4) Lair:2        Slime (0/5) Lair:4
    Orc (2/2) D:10            Elf (0/3) Orc:2

Altars:
Fedhas
Okawaru
Trog
Wu Jian
Xom
Jiyva

Shops:
D:3 *   Orc:1 !   Orc:2 (*[=

Annotations:
Spider:1 1 transporter, exclusion: orange crystal statue


Innate Abilities, Weirdness & Mutations

You have hooves in place of feet.
You have a pair of large horns on your head.
A demonic guardian rushes to your aid.
Your demonic aura sometimes causes spilled blood to erupt in flames.
You have a tail ending in a sharp stinger.
You are strong-willed. (Will+)
Your muscles are strong. (Str +4, Int/Dex -1)


Message History

The redback simulacrum bites you! The redback simulacrum freezes you!
You resist.
Unknown command.
You bludgeon the culicivora!! You burn the culicivora. You kick the culicivora!
You kill the culicivora!
Lugonu accepts your kill.
The redback simulacrum closely misses you.
Unknown command.
You bludgeon the redback simulacrum!!
You melt the redback simulacrum!
The redback simulacrum vaporises!
The wolf spider hits you!!
* * * LOW HITPOINT WARNING * * *
The wolf spider bites you!
* * * LOW HITPOINT WARNING * * *
Unknown command.
You feel much better.
Your sixfirhy closely misses the wolf spider.
You block the wolf spider's attack. The wolf spider completely misses you.
Your sixfirhy hits the wolf spider.
Your sixfirhy shocks the wolf spider!
The wolf spider completely misses you. The wolf spider barely misses you.
An orb spider comes into view.
A jumping spider comes into view.
The wolf spider attacks as you move away!
The wolf spider barely misses you. x2;
Found a scroll of fear.
Your sixfirhy hits the wolf spider.
Your sixfirhy shocks the wolf spider!
Your sixfirhy hits the wolf spider!
Your sixfirhy shocks the wolf spider!
Your sixfirhy hits the wolf spider!
The wolf spider dies!
Lugonu accepts your kill.
The jumping spider leaps!
The orb spider weaves a glowing orb of energy.
The jumping spider leaps!
The orb spider begins to weave its threads into a brightly glowing ball.
An orb of destruction comes into view.
You block the jumping spider's attack. x2
The orb spider weaves a glowing orb of energy.
The orb spider begins to weave its threads into a brightly glowing ball.
The jumping spider pounces on you but does no damage.
The jumping spider completely misses you.
The orb of destruction hits you!!!
You die...

.........:...>..
................
................
................
................
.......<........
######.☼........
.....##s........
...#s8#@........
#.#..H#☼s.......
....ys#.○°......
.8.©By#©☼†...°..
.....B#.†3......
#.#...#.s*.s?...
?..#.8#...s...##
.....##.........
######..........


You could see a broodmother, an emperor scorpion, a jorogumo, a radroach, an
orange crystal statue, 2 spark wasps, 2 orb spiders, 3 jumping spiders, a death
scarab and a friendly sixfirhy (summoned).

Vanquished Creatures
  The ghost of PyroL the Destroyer, a journeyman DrIE of Vehumet (Lair:5)
  An orc warlord (Orc:2)
  A minotaur (Lair:5)
  Josephine (Orc:2)
  Erolcha (Orc:2)
  The ghost of Kaluijim the Imperceptible, a journeyman SpEn of Kikubaaqudgha (Lair:2)
  3 catoblepae (Lair:5)
  A centaur warrior (D:10)
  7 hydras
  12 death yaks
  3 boulder beetles
  4 two-headed ogres (D:9)
  3 orc high priests (Orc:2)
  Nergalle (Lair:1)
  Amaemon (D:7)
  A pharaoh ant (Spider:1)
  A steelbarb worm (Spider:1)
  An orb spider (Lair:2)
  A lindwurm (Lair:4)
  2 orc knights
  Pikel (D:5)
  2 ugly things
  An oklob plant (Lair:4)
  6 orc sorcerers
  4 manticores
  12 elephants (Lair:5)
  13 cane toads
  A torpor snail (Lair:5)
  An orange demon (D:7)
  4 black mambas
  A gargoyle (D:10)
  2 demonic crawlers (Spider:1)
  5 rime drakes
  12 komodo dragons
  2 tengu conjurers (D:10)
  9 trolls
  3 polar bears
  A merfolk (D:9)
  2 tarantellas (Spider:1)
  Prince Ribbit (D:6)
  A shadow (D:10)
  22 blink frogs
  17 wyverns
  34 yaks
  4 wraiths (Orc:2)
  A culicivora (Spider:1)
  8 basilisks
  Grum (Lair:1)
  2 hogs (D:9)
  3 steam dragons
  4 redbacks (Spider:1)
  5 wargs (Orc:2)
  An acid dragon (D:9)
  16 water moccasins
  Duvessa (D:5)
  A hell hound (Lair:3)
  23 orc warriors
  13 black bears (D:9)
  An ice beast (D:8)
  8 ogres
  5 wolves
  5 centaurs
  2 phantoms
  A kobold brigand (D:7)
  3 gnoll sergeants
  11 bullfrogs
  2 necrophages
  5 scorpions
  Dowan (D:5)
  6 howler monkeys
  6 electric eels (D:9)
  19 orc priests
  Crazy Yiuf (D:4)
  A gnoll bouda (D:9)
  6 hounds
  A jelly (D:4)
  Jessica (D:3)
  An iguana (D:5)
  Ijyb (D:3)
  15 orc wizards
  2 hell rats (Lair:3)
  Robin (D:4)
  10 gnolls
  5 adders
  A shadow imp (D:7)
  3 ufetubi
  A dart slug (D:4)
  48 orcs
  11 ball pythons
  9 endoplasms
  4 giant cockroaches
  15 goblins
  10 hobgoblins
  10 jackals
  3 quokkas
  7 bats
  4 frilled lizards
  15 kobolds
  2 rats
550 creatures vanquished.

Vanquished Creatures (collateral kills)
  An orc warlord (Orc:2)
  A death yak (Lair:5)
  Sonja (D:10)
  An orc knight (Orc:2)
  A wolf spider (Spider:1)
  A manticore (D:10)
  A black mamba (Lair:4)
  2 rime drakes
  A blink frog (Lair:3)
  A wyvern (Lair:3)
  5 orc warriors
  A bullfrog (D:9)
  An orc priest (D:8)
  A gnoll bouda (Orc:2)
  An orc wizard (Orc:2)
  3 hell rats (Lair:3)
  A gnoll (Orc:2)
  2 orcs
26 creatures vanquished.

Vanquished Creatures (others)
  An orc (Orc:2)
  3 bushes (D:5)
  25 fungi
  57 plants
86 creatures vanquished.

Grand Total: 662 creatures vanquished

Notes
Turn   | Place    | Note
-------+----------+-------------------------------------------
     0 | D:1      | Newt the Demonspawn Gladiator began the quest for the Orb.
     0 | D:1      | Reached XP level 1. HP: 16/16 MP: 1/1
    20 | D:1      | Reached skill level 1 in Stealth
    90 | D:1      | Discovered your monstrous ancestry.
    90 | D:1      | Gained mutation: You have a small tail. [demonic ancestry]
    90 | D:1      | Reached XP level 2. HP: 19/22 MP: 2/2
   452 | D:1      | Reached XP level 3. HP: 24/27 MP: 3/3
  1003 | D:2      | Found the +18 Lear's hauberk
  1717 | D:3      | Noticed Ijyb
  1741 | D:3      | Killed Ijyb
  1742 | D:3      | Reached XP level 4. HP: 35/35 MP: 4/4
  2176 | D:3      | You fall into a shaft and drop 2 floors!
  2176 | D:5      | Entered Level 5 of the Dungeon
  2182 | D:5      | Noticed Duvessa
  2192 | D:5      | Noticed a lemure
  2192 | D:5      | Noticed a lemure
  2192 | D:5      | Noticed a lemure
  2193 | D:5      | Noticed Pikel
  2193 | D:5      | Noticed a lemure
  2198 | D:5      | Noticed an ogre
  2198 | D:5      | Noticed a water moccasin
  2239 | D:5      | Noticed a gnoll sergeant
  2240 | D:5      | Noticed a centaur
  2511 | D:4      | Found a runed translucent door.
  2511 | D:4      | Identified the +10 hammer of Pestilence {flame, Fragile rN+
                  | rCorr}
  2512 | D:4      | Noticed Crazy Yiuf
  2520 | D:4      | Killed Crazy Yiuf
  2587 | D:4      | Noticed Robin
  2590 | D:4      | Reached skill level 1 in Maces & Flails
  2590 | D:4      | Gained mutation: You have a pair of small horns on your
                  | head. [demonic ancestry]
  2590 | D:4      | Reached XP level 5. HP: 41/42 MP: 5/5
  2625 | D:4      | Killed Robin
  3312 | D:4      | Gained mutation: A weak demonic guardian rushes to your
                  | aid. [demonic ancestry]
  3312 | D:4      | Reached XP level 6. HP: 48/48 MP: 6/6
  3506 | D:4      | Found a staircase to the Ecumenical Temple.
  3541 | D:4      | Found a bloodstained altar of Trog.
  3541 | D:4      | Found a shimmering altar of Xom.
  3755 | D:3      | Noticed Jessica
  3766 | D:3      | Killed Jessica
  3946 | D:3      | Found Viunk's Assorted Antiques.
  3991 | D:3      | Bought a runed brass ring for 120 gold pieces
  3991 | D:3      | Bought 2 scrolls labelled NARAPL NAGOVYD for 48 gold pieces
  4091 | D:3      | Reached XP level 7. HP: 54/54 MP: 7/7
  4179 | D:5      | Killed Pikel
  4186 | D:5      | Noticed Dowan
  4190 | D:5      | Killed Duvessa
  4191 | D:5      | Reached XP level 8. HP: 56/60 MP: 8/8
  4191 | Abyss:1  | Cast into level 1 of the Abyss (Dowan)
  4192 | Abyss:1  | Found a corrupted altar of Lugonu.
  4200 | Abyss:1  | Became a worshipper of Lugonu the Unformed
  4200 | Abyss:1  | Reached * piety under Lugonu
  4200 | Abyss:1  | Reached ** piety under Lugonu
  4202 | Abyss:1  | Noticed a smoke demon
  4204 | D:5      | Escaped the Abyss
  4223 | D:5      | Killed Dowan
  4224 | D:5      | Reached skill level 5 in Armour
  4666 | D:6      | Found an ornate altar of the Wu Jian Council.
  4672 | D:6      | Found a blossoming altar of Fedhas.
  5030 | D:6      | Reached skill level 5 in Throwing
  5030 | D:6      | Reached skill level 1 in Evocations
  5030 | D:6      | Gained mutation: You have a pair of horns on your head.
                  | [demonic ancestry]
  5030 | D:6      | Reached XP level 9. HP: 33/65 MP: 9/9
  5516 | D:6      | Identified the +1 quarterstaff "Lurocecs" {venom, rF+
                  | Int+2}
  5667 | D:6      | Noticed Prince Ribbit
  5678 | D:6      | Killed Prince Ribbit
  6206 | D:7      | Found an iron altar of Okawaru.
  6266 | D:7      | Reached skill level 5 in Evocations
  6346 | D:7      | Identified 2 scrolls of acquirement
  6346 | D:7      | Acquired 932 gold pieces
  6348 | D:7      | Acquired 683 gold pieces
  6384 | D:7      | Reached skill level 5 in Fighting
  6805 | D:8      | Noticed Amaemon
  6805 | D:8      | Noticed an orange demon
  6825 | D:7      | Killed Amaemon
  6836 | D:7      | Killed an orange demon
  6837 | D:7      | Gained mutation: You have large cloven feet. [demonic
                  | ancestry]
  6837 | D:7      | Reached XP level 10. HP: 16/76 MP: 10/10
  6990 | D:8      | Reached *** piety under Lugonu
  8153 | D:9      | Reached skill level 10 in Maces & Flails
  8251 | D:9      | Found a shimmering altar of Xom.
  8316 | D:9      | Noticed a manticore
  8330 | D:9      | Killed a manticore
  8330 | D:9      | Reached **** piety under Lugonu
  8474 | D:9      | Gained mutation: You have hoof-like feet. [demonic
                  | ancestry]
  8474 | D:9      | Reached XP level 11. HP: 76/81 MP: 11/11
  8561 | D:9      | Identified the +3 long sword "Jobuetz" {spect, Will+++
                  | Str-3}
  8602 | D:9      | Noticed a two-headed ogre
  8606 | D:9      | Noticed a two-headed ogre
  8615 | D:9      | Killed a two-headed ogre
  8623 | D:9      | Killed a two-headed ogre
  8963 | D:9      | Noticed a two-headed ogre
  8969 | D:9      | Killed a two-headed ogre
  9016 | D:9      | Reached skill level 10 in Armour
  9294 | D:9      | Noticed a two-headed ogre
  9299 | D:9      | Killed a two-headed ogre
  9542 | D:10     | Entered Level 10 of the Dungeon
  9542 | D:10     | Found a staircase to the Orcish Mines.
  9573 | D:10     | Reached ***** piety under Lugonu
  9636 | D:10     | Found a staircase to the Lair.
  9671 | D:10     | Noticed Sonja
  9691 | D:10     | Killed Sonja
 10095 | D:10     | Noticed a purple ugly thing
 10106 | D:10     | Killed a purple ugly thing
 10163 | D:10     | Gained mutation: A demonic guardian rushes to your aid.
                  | [demonic ancestry]
 10163 | D:10     | Reached XP level 12. HP: 83/92 MP: 12/12
 10329 | D:10     | Noticed a centaur warrior
 10330 | D:10     | Noticed a boulder beetle
 10331 | D:10     | Noticed a boulder beetle
 10340 | D:10     | Noticed a seven-headed hydra
 10351 | D:10     | Killed a seven-headed hydra
 10364 | D:10     | Killed a boulder beetle
 10386 | D:10     | Killed a centaur warrior
 10401 | D:10     | Killed a boulder beetle
 10901 | Lair:1   | Entered Level 1 of the Lair of Beasts
 11192 | Lair:1   | Noticed Nergalle
 11195 | Lair:1   | Identified the +9 flail "Gusi" {flame, rC- Int+9}
 11210 | Lair:1   | Killed Nergalle
 11299 | Lair:1   | Noticed Grum
 11313 | Lair:1   | Killed Grum
 11566 | Lair:1   | Reached skill level 1 in Shields
 12154 | Lair:2   | Noticed a six-headed hydra
 12163 | Lair:2   | Killed a six-headed hydra
 12187 | Lair:2   | Found a runed translucent door.
 12188 | Lair:2   | Noticed a death yak
 12189 | Lair:2   | Noticed Kaluijim's ghost (journeyman SpEn)
 12285 | Lair:2   | Found a hole to the Spider Nest.
 12337 | Lair:2   | Gained mutation: You have a tail ending in a sharp stinger.
                  | [demonic ancestry]
 12337 | Lair:2   | Reached XP level 13. HP: 98/98 MP: 13/13
 12771 | Lair:2   | Reached skill level 5 in Shields
 12959 | Lair:2   | Killed Kaluijim's ghost
 13439 | Lair:3   | Acquired 1317 gold pieces
 13444 | Lair:3   | Found a staircase to the Shoals.
 13459 | Lair:3   | Reached skill level 1 in Invocations
 13602 | Lair:3   | Reached skill level 5 in Invocations
 14184 | Lair:4   | Reached ****** piety under Lugonu
 14760 | Lair:4   | Found a staircase to the Slime Pits.
 14761 | Lair:4   | Found a viscous altar of Jiyva.
 14780 | Lair:4   | Identified the +9 falchion of the Healing Asp {freeze,
                  | SInv}
 15260 | Lair:5   | Entered Level 5 of the Lair of Beasts
 15295 | Lair:5   | Reached skill level 10 in Invocations
 15359 | Lair:5   | HP: 4/98 [polar bear (12)]
 15560 | Lair:5   | Reached skill level 5 in Dodging
 15560 | Lair:5   | Gained mutation: Your demonic aura sometimes causes spilled
                  | blood to erupt in flames. [demonic ancestry]
 15560 | Lair:5   | Reached XP level 14. HP: 96/105 MP: 21/21
 15590 | Lair:5   | Gained mutation: You have hooves in place of feet. [demonic
                  | ancestry]
 15590 | Lair:5   | Reached XP level 15. HP: 110/110 MP: 22/22
 15603 | Lair:5   | Reached skill level 10 in Dodging
 15833 | Lair:5   | Reached skill level 10 in Fighting
 15907 | Lair:5   | Found the +3 hat of Pondering {ponderous, Will+ MP+10
                  | Int+5}
 16117 | Lair:5   | Found a runed translucent gate.
 16117 | Lair:5   | Found a runed translucent gate.
 16117 | Lair:5   | Found a runed translucent gate.
 16120 | Lair:5   | Noticed PyroL's ghost (journeyman DrIE)
 16534 | Lair:5   | Killed PyroL's ghost
 16743 | Orc:1    | Entered Level 1 of the Orcish Mines
 17283 | Orc:1    | Found Pumirch's Distillery.
 17292 | Orc:1    | Bought a potion of lignification for 42 gold pieces
 17292 | Orc:1    | Bought a potion of heal wounds for 70 gold pieces
 17292 | Orc:1    | Bought a potion of mutation for 112 gold pieces
 17292 | Orc:1    | Gained mutation: You are strong-willed. (Will+) [potion of
                  | mutation]
 17292 | Orc:1    | Gained mutation: Your muscles are strong. (Str +4, Int/Dex
                  | -1) [potion of mutation]
 17543 | Orc:2    | Entered Level 2 of the Orcish Mines
 17555 | Orc:2    | Found Peusicsa's Jewellery Boutique.
 18036 | Orc:2    | Bought the ring of Qeogidd {rC+ rN+ Will+ EV+5} for 956
                  | gold pieces
 18144 | Orc:2    | Found Meiwk's Antique Weapon Shop.
 18152 | Orc:2    | Bought a crude whip for 195 gold pieces
 18152 | Orc:2    | Identified the +4 whip of the Ghost {flame, rN++ Int-4
                  | Dex+3 Stlth+} (You bought it in a shop on level 2 of the
                  | Orcish Mines)
 18166 | Orc:2    | Found Tocaim's General Store.
 18185 | Orc:2    | Bought a phantom mirror for 640 gold pieces
 18185 | Orc:2    | Bought a scroll of identify for 32 gold pieces
 18202 | Orc:2    | Noticed Erolcha
 18211 | Orc:2    | Killed Erolcha
 18255 | Orc:2    | Found a staircase to the Elven Halls.
 18256 | Orc:2    | Found Josum's Antique Armour Boutique.
 18266 | Orc:2    | Bought an embroidered cloak for 292 gold pieces
 18480 | Orc:2    | Noticed Josephine
 18490 | Orc:2    | Killed Josephine
 18770 | Spider:1 | Entered Level 1 of the Spider Nest
 18770 | Spider:1 | Noticed an emperor scorpion
 18770 | Spider:1 | Found a transporter.
 18803 | Spider:1 | Gained mutation: You have a pair of large horns on your
                  | head. [demonic ancestry]
 18803 | Spider:1 | Reached XP level 16. HP: 129/133 MP: 23/23
 18813 | Spider:1 | Blown up by an orb spider

Illustrated notes

Levels and vault maps discovered:
D:1:      dpeg_arrival_stonehenge_8_columns, layout_loops_ring, minmay_tall_x
D:2:      layout_basic
D:3:      layout_basic, serial_shops, nicolae_shop_window_shopping,
          uniq_jessica, uniq_ijyb
D:4:      layout_gridville, gammafunk_temple_overflow_statue,
          minmay_temple_entry_hall, kennysheep_dice, uniq_robin,
          uniq_crazy_yiuf_cottage, uniq_blork_the_orc
D:5:      layout_basic, serial_park_tiny_2, uniq_duvessa, uniq_pikel
D:6:      layout_basic, mainiacjoe_overflow_large_starburst, uniq_prince_ribbit1
D:7:      layout_loops_ring, okawaru_metal_pillars_3, serial_glass,
          glass_columns_b, glass_columns_a, due_unseen_surprise,
          feat_on_display, hangedman_abyss_or_decor_stabs
D:8:      layout_cave_pods, nrook_campfire, nicolae_fountain_basement,
          uniq_amaemon
D:9:      kennysheep_town
D:10:     minmay_the_grid_triangle_9x9_rhombus_thin_mashed
          [minmay_the_grid_triangle_9x9_skeleton,
          minmay_the_grid_triangle_9x9_prize_top_heavy,
          minmay_the_grid_triangle_9x9_sparse_checkered,
          minmay_the_grid_triangle_9x9_minimal], layout_irregular_city,
          lair_entry_dummy, serial_column_ruins, column_ruins_hut_ruined,
          column_ruins_hut_ruined, column_ruins_grid_1,
          column_ruins_columns_straight, column_ruins_open_tiny,
          column_ruins_open_tiny, column_ruins_corridor_corner,
          column_ruins_open_medium, column_ruins_open_tiny, uniq_sonja
D:11:     layout_stronghold, lemuel_nasty_fountain, uniq_urug
Lair:1:   layout_hall_layers, uniq_grum, uniq_nergalle
Lair:2:   layout_regular_city, nicolae_spider_entry_orb_guardian,
          ebering_ghost_inner_flame, grunt_megastairs_5, serial_bayou_shore_b,
          infiniplex_staircase_pool_2
Lair:3:   layout_roguey [special_room_mythical_zoo], elwin_shoals_entry_rocks
Lair:4:   layout_cave_pods, slime_entry_1, infiniplex_staircase_pool
Lair:5:   evilmike_catoblepas_cave, layout_big_grid,
          maelrawn_ghost_gauntlet_escape
Spider:1: gammafunk_sealed_arena
Orc:1:    layout_caves, basic_altar, serial_shops, shop
Orc:2:    grunt_orc_gardens, layout_diamond_mine, grunt_orc_garden,
          grunt_orc_garden, grunt_orc_garden, grunt_orc_garden,
          nicolae_orc_crystal_geode, uniq_josephine, uniq_erolcha

Skill      XL: |  1  2  3  4  5  6  7  8  9 10 11 12 13 14 15 |
---------------+----------------------------------------------+-----
Stealth        | 1 2 3 |  3.0
Fighting       | 3 4 6 8 14 | 14.0
Maces & Flails | 1 3 4 6 7 10 11 14 | 14.0
Armour         | 3 6 7 10 | 10.0
Throwing       | 5 6 |  6.6
Evocations     | 1 5 |  5.0
Shields        | 4 8 |  8.0
Invocations    | 10 | 10.0
Dodging        | 5 9 10 | 10.0
Short Blades   | |  2.6

Action                   |  1- 3 |  4- 6 |  7- 9 | 10-12 | 13-15 | 16-18 || total
-------------------------+-------+-------+-------+-------+-------+-------++-------
Melee: Rapier            |   148 |    36 |       |       |       |       ||   184
       Punch             |     1 |       |     3 |     7 |       |       ||    11
       Tailslap          |    18 |     6 |    11 |    86 |   156 |     1 ||   278
       Mace              |       |    69 |   191 |   499 |   802 |     7 ||  1568
       Headbutt          |       |     9 |    26 |   119 |   215 |       ||   369
       Kick              |       |       |       |   173 |   334 |     3 ||   510
Throw: Throwing net      |     2 |     2 |     1 |     3 |       |       ||     8
       Javelin           |     1 |       |       |     6 |       |       ||     7
       Dart              |       |       |       |       |     3 |       ||     3
Invok: Depart the Abyss  |       |       |     1 |       |       |       ||     1
Evoke: Wand              |       |       |       |       |     6 |       ||     6
  Use: Scroll            |     4 |     6 |     6 |     8 |     6 |       ||    30
       Potion            |       |       |     3 |     2 |     5 |     1 ||    11
 Stab: Sleeping          |     4 |       |       |       |       |       ||     4
       Petrified         |       |       |       |       |     9 |       ||     9
       Confused          |       |       |       |       |     1 |       ||     1
       Petrifying        |       |       |       |       |     1 |       ||     1
Armor: Leather armour    |    39 |       |       |       |       |       ||    39
       Chain mail        |    27 |   211 |   161 |   431 |   436 |       ||  1266
       Skin              |       |       |    50 |       |       |     1 ||    51
Dodge: Dodged            |   100 |   104 |    84 |   184 |   648 |    14 ||  1134
Block: Buckler           |       |       |       |    20 |   271 |     3 ||   294

Table legend: (Time is in decaauts)
 A = Elapsed time spent in this place.
 B = Non-inter-level travel time spent in this place.
 C = Inter-level travel time spent in this place.
 D = Time resting spent in this place.
 E = Time spent auto-exploring this place.
 F = Levels seen in this place.
 G = Mean time per level.
                   A        B        C        D        E       F      G
               +--------+--------+--------+--------+--------+-----+--------+
         Total |  18592 |  17854 |    738 |   3996 |  10714 |  20 |  929.6 |
       Dungeon |  11325 |  10853 |    472 |   2391 |   6664 |  11 | 1029.5 |
          Lair |   5709 |   5458 |    251 |   1172 |   3315 |   5 | 1141.8 |
   Spider Nest |     35 |     35 |      0 |      0 |      3 |   1 |   35.0 |
  Orcish Mines |   1510 |   1497 |     13 |    432 |    731 |   2 |  755.0 |
         Abyss |     12 |     12 |      0 |      0 |      1 |   1 |   12.0 |
               +--------+--------+--------+--------+--------+-----+--------+

Top non-repeatable levels by time:
    D:10: 1775 daAuts
     D:9: 1773 daAuts
     D:6: 1515 daAuts
     D:4: 1440 daAuts
  Lair:4: 1430 daAuts
  Lair:1: 1219 daAuts
  Lair:5: 1124 daAuts
     D:3: 1026 daAuts
  Lair:3: 1006 daAuts
  Lair:2: 928 daAuts
     D:2: 874 daAuts
   Orc:2: 843 daAuts
     D:8: 798 daAuts
     D:7: 777 daAuts
     D:1: 761 daAuts
